 Dungeon Crawl Stone Soup version 0.30.1-9-gdf580d7c3d (webtiles) character file.

Game seed: 9887545851992364394

282 hawla the Firebug (level 6, 0/47 HPs)
             Began as a Meteoran Fire Elementalist on Oct 21, 2023.
             Was an Initiate of Vehumet.
             Slain by a quasit (2 damage)
             ... summoned by Eustachio
             ... on level 5 of the Dungeon on Oct 22, 2023.
             The game lasted 00:10:38 (839 turns).

hawla the Firebug (Meteoran Fire Elementalist)       Turns: 839, Time: 00:10:38

Health: 0/47       AC:  2    Str:  9    XL:     6   Next: 84%
Magic:  2/13       EV: 13    Int: 19    God:    Vehumet [......]
Gold:   64         SH:  0    Dex: 15    Spells: 10/13 levels left

rFire   . . .        g - +1 flail
rCold   . . .        (no shield)
rNeg    . . .        a - +0 robe
rPois   .            (no helmet)
rElec   .            (no cloak)
rCorr   .            (no gloves)
SInv    .            (no boots)
Will    .....        j - amulet of the acrobat
Stlth   +            (no ring)
HPRegen 0.27/turn    (no ring)
MPRegen 0.13/turn

%: acrobat
@: glowing
A: sense surroundings 1, otherworldly, glowing, explore regen
a: Renounce Religion


You were on level 5 of the Dungeon.
You worshipped Vehumet.
Vehumet was noncommittal.
You visited 2 branches of the dungeon, and saw 6 of its levels.

You collected 64 gold pieces.

Inventory:

Hand Weapons
 g - a +1 flail (weapon)
Armour
 a - a +0 robe (worn)
Jewellery
 j - an amulet of the acrobat (around neck)
Scrolls
 h - a scroll of identify


   Skills:
 + Level 1.0 Fighting
 + Level 3.2 Maces & Flails
 + Level 3.1 Dodging
 + Level 1.8 Stealth
 + Level 0.2 Unarmed Combat
 + Level 4.4 Spellcasting
 + Level 2.7 Conjurations
 + Level 5.1 Fire Magic


You had 10 spell levels left.
You knew the following spells:

 Your Spells              Type           Power      Damage    Failure   Level
a - Foxfire               Conj/Fire      76%        2x1d7     2%          1
b - Scorch                Fire           46%        2d7       2%          2

Your spell library contained the following spells:

 Spells                   Type           Power      Damage    Failure   Level
 Inner Flame              Hex/Fire       14%        N/A       14%         3
 Volatile Blastmotes      Fire/Tloc      28%        2d12      14%         3
 Flame Wave               Conj/Fire      19%        2d7       26%         4


Dungeon Overview and Level Annotations

Branches:
Dungeon (5/15) Zot: 2193   Temple (1/1) D:4 Zot: 559

Altars:
Ashenzari
Cheibriados
Gozag
Kikubaaqudgha
Makhleb
Okawaru
Qazlal
Ru
Sif Muna
Trog
Vehumet
Zin
The Shining One

Annotations:
D:5 Eustachio


Innate Abilities, Weirdness & Mutations

You passively map a small area around you.
You are easily found by Zot.
You glow in the dark.
You regain HP and MP as you explore.


Message History

The rat attacks as you move away! The rat completely misses you.
Something barely misses you.
The iron imp laughs crazily.
The orc attacks as you move away! The orc completely misses you.
You hear some strange, mumbled words.
A puff of flame appears from out of thin air!
The puff of flame hits you!
* * * LOW HITPOINT WARNING * * *
Eustachio screams, "This atrocity can only be purified with blood!"
The orc priest hits you but does no damage.
The orc priest closely misses you.
The orc priest attacks as you move away!
The orc priest barely misses you. The orc attacks as you move away!
The orc closely misses you.
The iron imp disappears in a puff of smoke!
An orc wizard appears from thin air!
Reactivating autopickup.
Things that are here:
a +0 hand axe; an orc corpse Eustachio casts a spell.
Eustachio blinks!
The orc priest looks braver for a moment.
Casting: Foxfire (safe; 2% risk of failure)
Confirm with . or Enter, or press ? or * to list all spells.
You conjure some foxfire!
The orc barely misses you.
The orc priest calls upon Beogh to heal the orc wizard.
The orc wizard is healed somewhat.
The foxfire hits the orc but does no damage.
The orc is heavily wounded.
The foxfire hits the orc but does no damage.
The orc is heavily wounded.
The orc hits you with a +0 hand axe.
* * * LOW HITPOINT WARNING * * *
The orc attacks as you move away! The orc misses you.
The orc attacks as you move away! The orc misses you.
Casting: Foxfire (safe; 2% risk of failure)
Confirm with . or Enter, or press ? or * to list all spells.
You conjure some foxfire!
The orc completely misses you. The quasit closely misses you.
The quasit claws you.
You die...

#.### * , # * #.#..
.#, ,, #.#.# #. * *
,* #.#.# ,#. * #.).#
#. #.####..#
,#.###### #........
#.#v.5.oo#########.5#
#..v@o..#.o5.# #.@#
######.###o#.### #...
, ..## ##....# #..#
###, ##.#.#.###..# ,
* #............ *
#.#####....... * * ##
######## , * *


You could see an orc priest, an orc wizard, a quasit (summoned) and an orc (ally
target).

Vanquished Creatures
  A centaur (D:5)
  A scorpion (D:5)
  A hound (D:4)
  A sleepcap (D:5)
  An iguana (D:5)
  2 adders (D:5)
  2 ufetubi (D:5)
  A dart slug (D:3)
  6 orcs
  3 endoplasms
  2 giant cockroaches (D:3)
  2 goblins
  5 hobgoblins
  A quokka (D:3)
  A bat (D:3)
  A frilled lizard (D:3)
  A kobold (D:2)
  5 rats
37 creatures vanquished.

Vanquished Creatures (others)
  108 foxfires
108 creatures vanquished.

Grand Total: 145 creatures vanquished

Notes
Turn   | Place    | Note
-------+----------+-------------------------------------------
     0 | D:1      | hawla the Meteoran Fire Elementalist began the quest for
                  | the Orb.
     0 | D:1      | Reached XP level 1. HP: 14/14 MP: 5/5
   145 | D:3      | Reached skill level 4 in Fire Magic
   145 | D:3      | Reached XP level 2. HP: 20/20 MP: 4/6
   148 | D:3      | Learned a level 2 spell: Scorch
   243 | D:3      | Reached XP level 3. HP: 21/26 MP: 0/8
   378 | D:3      | Found a bloodstained altar of Trog.
   378 | D:3      | Found an iron altar of Okawaru.
   447 | D:4      | Reached XP level 4. HP: 23/34 MP: 8/10
   505 | D:4      | Found a shimmering blue altar of Sif Muna.
   522 | D:4      | Found a stormy altar of Qazlal.
   539 | D:4      | Found a staircase to the Ecumenical Temple.
   549 | Temple   | Entered the Ecumenical Temple
   574 | Temple   | Became a worshipper of Vehumet
   612 | D:5      | Entered Level 5 of the Dungeon
   625 | D:5      | Reached XP level 5. HP: 39/39 MP: 5/11
   630 | D:5      | Reached skill level 1 in Maces & Flails
   645 | D:5      | Reached XP level 6. HP: 39/46 MP: 8/12
   706 | D:5      | Noticed a centaur
   713 | D:5      | Killed a centaur
   714 | D:5      | Reached skill level 1 in Fighting
   714 | D:5      | Reached skill level 5 in Fire Magic
   777 | D:5      | Noticed Eustachio
   829 | D:5      | HP: 1/47 [something/puff of flame (7)]
   835 | D:5      | HP: 1/47 [orc/+0 hand axe (3)]
   839 | D:5      | Slain by a quasit

Illustrated notes

Levels and vault maps discovered:
D:1:      dpeg_arrival_long_road, layout_loops_ring, serial_forest,
          infiniplex_forest_lined_3, infiniplex_forest_end_1,
          infiniplex_forest_join, infiniplex_forest_straight_4,
          corexii_item_surrounded_by_moat, kennysheep_nondescript,
          grunt_decor_junction
D:2:      cheibrodos_fertilizer, layout_basic, minmay_lizard_king, uniq_robin,
          uniq_sigmund
D:3:      layout_rooms, grunt_temple_overflow_bloody_war,
          worldfamousw_hep_ancestral_shrine, minmay_checkerbox
D:4:      layout_rooms, grunt_qazlal_clouds, nicolae_sif_muna_little_library,
          nicolae_dithmenos_the_darkroom, minmay_temple_entry_mini_moons
D:5:      layout_loops_ring, uniq_eustachio
Temple:   eino_narrow_crystal_temple

Skill      XL: |  1  2  3  4  5  6 |
---------------+-------------------+-----
Fire Magic     | 4 5 |  5.1
Spellcasting   | 3 4 |  4.4
Conjurations   | 2 |  2.7
Maces & Flails | 2 3 |  3.2
Dodging        | 3 |  3.1
Fighting       | 1 |  1.0
Stealth        | |  1.8
Unarmed Combat | |  0.2

Action                     |  1- 3 |  4- 6 || total
---------------------------+-------+-------++-------
  Melee: Unarmed           |    22 |       ||    22
         Flail             |    19 |     3 ||    22
   Cast: Foxfire           |    37 |    29 ||    66
         Scorch            |       |    16 ||    16
    Use: Potion            |       |     3 ||     3
         Scroll            |       |     5 ||     5
 Armour: Robe              |    14 |     4 ||    18
  Dodge: Dodged            |    38 |    23 ||    61
